 Dungeon Sprint DCSS version 0.27-a0-1186-g8b4daa1eef (webtiles) character file.

Game seed: 15506220965614434170

2342 rocky1 the Blocker (level 9, -4/82 HPs)
             Began as a Minotaur Fighter on May 20, 2021.
             Was a Priest of Okawaru.
             Slain by a boulder beetle (17 damage)
             ... in the Dungeon (Sprint IX: "|||||||||||||||||||||||||||||").
             The game lasted 00:03:48 (811 turns).

rocky1 the Blocker (Minotaur Fighter)                Turns: 811, Time: 00:03:48

Health: -4/82      AC: 10    Str: 26    XL:     9   Next: 20%
Magic:  12/12      EV: 13    Int:  8    God:    Okawaru [***...]
Gold:   0          SH: 14    Dex: 11    Spells: 8/8 levels left

rFire    . . .     SeeInvis .   n - +2 scimitar (flame)
rCold    . . .     Faith    .   c - +0 kite shield
rNeg     . . .     Spirit   .   o - +2 ring mail
rPois    .         Reflect  .   (helmet restricted)
rElec    .         Harm     .   (no cloak)
rCorr    .         Rampage  .   a - +0 pair of gloves
Will     .....     NoTele   +   (no boots)
Stlth    +.........             (no amulet)
HPRegen  0.23/turn              p - +3 ring of intelligence
MPRegen  0.13/turn              q - +3 ring of strength

@: slowed, very slow
A: horns 2, retaliatory headbutt
a: Renounce Religion, Heroism


You were in the Dungeon.
You worshipped Okawaru.
Okawaru was most pleased with you.
You visited 1 branch

Inventory:

Hand Weapons
 b - a +0 shortbow
 n - a +2 scimitar of flaming (weapon)
Missiles
 r - 28 arrows
Armour
 a - a +0 pair of gloves (worn)
 c - a +0 kite shield (worn)
 o - a +2 ring mail (worn)
Jewellery
 p - a +3 ring of intelligence (left hand)
 q - a +3 ring of strength (right hand)
Wands
 m - a wand of iceblast (10)
Scrolls
 j - 2 scrolls of blinking
 l - 2 scrolls of amnesia
Potions
 d - a potion of might
 e - a potion of invisibility
 f - 2 potions of heal wounds
 g - a potion of haste
 h - 4 potions of magic
 i - a potion of berserk rage
 k - 4 potions of curing


   Skills:
 + Level 8.4 Fighting
 + Level 12.0 Long Blades
 + Level 8.5 Armour
 + Level 7.2 Dodging
 + Level 14.1 Shields
 + Level 6.2 Invocations
 + Level 5.5 Evocations


You had 8 spell levels left.
You didn't know any spells.
Your spell library was empty.

Dungeon Overview and Level Annotations

Branches:
Dungeon (1/1)

Altars:
Cheibriados
Dithmenos
Elyvilon
Fedhas
Gozag
Hepliaklqana
Kikubaaqudgha
Makhleb
Nemelex Xobeh
Okawaru
Qazlal
Ru
Sif Muna
Trog
Uskayaw
Vehumet
Wu Jian
Xom
Yredelemnul
Zin
The Shining One
Beogh
Jiyva
Lugonu


Innate Abilities, Weirdness & Mutations

You have a pair of horns on your head.
You reflexively headbutt those who attack you in melee.


Message History

You slash the wraith! You burn the wraith. You headbutt the wraith.
The wraith is almost destroyed.
The wraith closely misses you.
You riposte.
You hit the wraith. You burn the wraith. You headbutt the wraith.
You destroy the wraith!
Okawaru accepts your kill.
Your Armour skill increases to level 8!
You have reached level 9!
Your experience leads to an increase in your attributes!
Your base attributes are Str 22, Int 5, Dex 11.
Increase (S)trength, (I)ntelligence, or (D)exterity?
You feel stronger.
Unknown command.
You hit the cyclops. You burn the cyclops. You headbutt the cyclops!
The cyclops is moderately wounded.
The cyclops hits you.
You slash the cyclops! You burn the cyclops. You headbutt the cyclops!
The cyclops is severely wounded.
The cyclops barely misses you.
You hit the cyclops. You burn the cyclops. You headbutt the cyclops.
The cyclops is almost dead.
The cyclops closely misses you.
Your shield prevents you from hitting the cyclops.
You headbutt the cyclops!
You kill the cyclops!
Okawaru is honoured by your kill.
Your Fighting skill increases to level 8!
Your Long Blades skill increases to level 12!
Your Dodging skill increases to level 7!
Your Shields skill increases to level 14!
Your Invocations skill increases to level 6!
You hit the boulder beetle but do no damage.
You headbutt the boulder beetle, but do no damage.
The boulder beetle bites you!
* * * LOW HITPOINT WARNING * * *
You hit the boulder beetle. You burn the boulder beetle.
You headbutt the boulder beetle, but do no damage.
The boulder beetle is lightly wounded.
You block the boulder beetle's attack. The boulder beetle bites you!
You die... ▓▓▓▓▓▓▓▓▓▓▓▓▓▓▓▓▓▓▓▓▓▓▓▓ '..)..[..[')....@BDc.... ▓▓▓▓▓▓▓▓▓▓▓▓▓▓▓▓▓▓▓▓▓▓▓▓

You could see a boulder beetle, a centaur warrior and an acid dragon.

Vanquished Creatures
  A two-headed ogre (D)
  A cyclops (D)
  A gargoyle (D)
  A troll (D)
  A wraith (D)
  A yak (D)
  2 ice beasts (D)
  An ogre (D)
  3 centaurs (D)
  An orc wizard (D)
  A gnoll (D)
  An adder (D)
  An endoplasm (D)
  A hobgoblin (D)
  A frilled lizard (D)
  A kobold (D)
19 creatures vanquished.

Notes
Turn   | Place    | Note
-------+----------+-------------------------------------------
     0 | D        | rocky1 the Minotaur Fighter began the quest for the Orb.
     0 | D        | Reached XP level 1. HP: 19/19 MP: 0/0
     5 | D        | Reached skill level 4 in Shields
    15 | D        | Reached skill level 6 in Shields
    15 | D        | Reached XP level 2. HP: 22/26 MP: 1/1
   169 | D        | Noticed an ice beast
   169 | D        | Noticed an ogre
   169 | D        | Noticed an ice beast
   185 | D        | Killed an ice beast
   186 | D        | Reached skill level 9 in Shields
   186 | D        | Reached XP level 3. HP: 15/31 MP: 2/2
   186 | D        | Reached XP level 4. HP: 19/39 MP: 3/3
   201 | D        | Reached skill level 10 in Shields
   201 | D        | Reached XP level 5. HP: 42/45 MP: 4/4
   207 | D        | Killed an ogre
   208 | D        | Reached skill level 1 in Dodging
   208 | D        | Reached skill level 11 in Shields
   221 | D        | Killed an ice beast
   222 | D        | Reached skill level 12 in Shields
   222 | D        | Reached XP level 6. HP: 18/51 MP: 5/5
   517 | D        | Found a snail-covered altar of Cheibriados.
   517 | D        | Found a shadowy altar of Dithmenos.
   517 | D        | Found a white marble altar of Elyvilon.
   517 | D        | Found a blossoming altar of Fedhas.
   517 | D        | Found an opulent altar of Gozag.
   518 | D        | Found a hazy altar of Hepliaklqana.
   519 | D        | Found a viscous altar of Jiyva.
   520 | D        | Found an ancient bone altar of Kikubaaqudgha.
   521 | D        | Found a corrupted altar of Lugonu.
   522 | D        | Found a burning altar of Makhleb.
   523 | D        | Found a sparkling altar of Nemelex Xobeh.
   524 | D        | Found an iron altar of Okawaru.
   525 | D        | Found a stormy altar of Qazlal.
   526 | D        | Found a sacrificial altar of Ru.
   527 | D        | Found a shimmering blue altar of Sif Muna.
   528 | D        | Found a bloodstained altar of Trog.
   529 | D        | Found a hide-covered altar of Uskayaw.
   530 | D        | Found a radiant altar of Vehumet.
   531 | D        | Found an ornate altar of the Wu Jian Council.
   532 | D        | Became a worshipper of Warmaster Okawaru
   533 | D        | Found a shimmering altar of Xom.
   534 | D        | Found a basalt altar of Yredelemnul.
   535 | D        | Found a glowing silver altar of Zin.
   536 | D        | Found a glowing golden altar of the Shining One.
   583 | D        | Noticed a gargoyle
   583 | D        | Noticed a yak
   583 | D        | Noticed a two-headed ogre
   589 | D        | Reached skill level 10 in Long Blades
   589 | D        | Reached skill level 1 in Invocations
   589 | D        | Reached skill level 1 in Evocations
   599 | D        | Killed a gargoyle
   599 | D        | Reached * piety under Okawaru
   600 | D        | Reached skill level 5 in Fighting
   600 | D        | Reached skill level 5 in Armour
   600 | D        | Reached skill level 13 in Shields
   600 | D        | Reached XP level 7. HP: 62/62 MP: 6/8
   603 | D        | Killed a yak
   604 | D        | Reached skill level 5 in Dodging
   610 | D        | Killed a two-headed ogre
   610 | D        | Reached ** piety under Okawaru
   611 | D        | Reached skill level 5 in Invocations
   611 | D        | Reached XP level 8. HP: 40/73 MP: 7/10
   785 | D        | Noticed a troll
   785 | D        | Noticed a cyclops
   785 | D        | Noticed a boulder beetle
   785 | D        | Noticed a centaur warrior
   792 | D        | Killed a troll
   792 | D        | Reached *** piety under Okawaru
   793 | D        | Reached skill level 5 in Evocations
   806 | D        | Reached XP level 9. HP: 33/81 MP: 12/12
   809 | D        | Killed a cyclops
   810 | D        | Reached skill level 14 in Shields
   811 | D        | Slain by a boulder beetle

Illustrated notes

Levels and vault maps discovered:
D:        linesprint [early_d, line_temple, items_1, d_10, items_2, lair_1,
          lair_end, items_3, orc_1, orc_end, items_4, d_15, swamp_1, shoals_1,
          snake_1, spider_1, d_20, vaults_1, items_5, swamp_end, shoals_end,
          snake_end, spider_end, vaults_end, d_27, items_6, zot_1, zot_end,
          crypt_end, forest_end, elf_end, slime_end, tomb_end, abyss_end,
          pan_hell_end]

Skill      XL: |  1  2  3  4  5  6  7  8  9 |
---------------+----------------------------+-----
Shields        | 6 9 10 12 13 14 | 14.1
Long Blades    | 4 7 9 10 11 12 | 12.0
Dodging        | 2 4 6 7 |  7.2
Fighting       | 5 7 8 |  8.4
Armour         | 5 7 8 |  8.5
Invocations    | 3 5 6 |  6.2
Evocations     | 3 4 5 |  5.5

Action                   |  1- 3 |  4- 6 |  7- 9 || total
-------------------------+-------+-------+-------++-------
Melee: Long sword        |    26 |    28 |       ||    54
       Headbutt          |     5 |    13 |    14 ||    32
       Scimitar          |       |    15 |    42 ||    57
  Use: Potion            |       |     2 |       ||     2
Armor: Scale mail        |     8 |     9 |       ||    17
       Ring mail         |       |     9 |     7 ||    16
Dodge: Dodged            |     7 |    12 |    13 ||    32
Block: Kite shield       |    13 |    23 |    26 ||    62
       Rpst.: Long sword |     3 |     2 |       ||     5
       Scimitar          |       |       |     2 ||     2

Table legend: (Time is in decaauts)
 A = Elapsed time spent in this place.
 B = Non-inter-level travel time spent in this place.
 C = Inter-level travel time spent in this place.
 D = Time resting spent in this place.
 E = Time spent auto-exploring this place.
 F = Levels seen in this place.
 G = Mean time per level.
                   A        B        C        D        E       F      G
               +--------+--------+--------+--------+--------+-----+--------+
         Total |    821 |    821 |      0 |    593 |      0 |   1 |  821.0 |
       Dungeon |    821 |    821 |      0 |    593 |      0 |   1 |  821.0 |
               +--------+--------+--------+--------+--------+-----+--------+

Top non-repeatable levels by time:
       D: 821 daAuts
